 Dungeon Crawl Stone Soup version 0.30.1-4-g462c640d31 (webtiles) character file.

Game seed: 9091663454910411253

96909 safid the Fencer (level 16, -4/132 HPs)
             Began as a Merfolk Ice Elementalist on Sept 12, 2023.
             Was a High Priest of Vehumet.
             Killed from afar by a will-o-the-wisp (12 damage)
             ... with a foxfire
             ... on level 3 of the Swamp.
             The game lasted 01:12:51 (27684 turns).

safid the Fencer (Merfolk Ice Elementalist)        Turns: 27684, Time: 01:12:51

Health: -4/132     AC:  8    Str:  9    XL:     16   Next: 18%
Magic:  3/28       EV: 16    Int: 25    God:    Vehumet [*****.]
Gold:   1550       SH: 11    Dex: 14    Spells: 7/31 levels left

rFire   + . .        K - +11 Singing Sword {sonic wave}
rCold   + + +        i - +0 kite shield {reflect}
rNeg    + + +        a - +2 robe {rC+ rF+}
rPois   .            o - +2 hat of Fottiu {*Corrode rC++ rN+++ Int+3}
rElec   +            (no cloak)
rCorr   +            C - +0 pair of gloves "Juaqoig" {rElec rCorr}
SInv    .            G - +0 pair of boots
Will    +....        I - amulet of Seyrgh {RegenMP rN+}
Stlth   ++           J - ring of wizardry
HPRegen 0.42/turn    t - +4 ring of slaying
MPRegen 0.61/turn

%: corrode self (3%), reflection, wizardry (x1)
@: lethally poisoned (-4 -> -7), on blink cooldown, very slightly contaminated
A: (nimble swimmer 2), mertail
a: Renounce Religion


You were on level 3 of the Swamp.
You worshipped Vehumet.
Vehumet was extremely pleased with you.
You visited 5 branches of the dungeon, and saw 23 of its levels.
You visited 1 bazaar.
You also visited: Sewer and Bailey.

You collected 2587 gold pieces.
You spent 1037 gold pieces at shops.

Inventory:

Hand Weapons
 K - the +11 Singing Sword (weapon) {sonic wave}
   (You found it on level 8 of the Dungeon)
Missiles
 L - 6 curare-tipped darts
Armour
 a - a +2 robe of resistance (worn)
 i - a +0 kite shield of reflection (worn)
 o - the +2 hat of Fottiu (worn) {*Corrode rC++ rN+++ Int+3}
   (You found it on level 1 of the Lair of Beasts)

   Int:       It affects your intelligence (+3).
   rC:        It greatly protects you from cold.
   rN:        It renders you almost immune to negative energy.
   *Corrode:  It may corrode you when you take damage.
 A - a +1 tower shield of protection
 C - the +0 pair of gloves "Juaqoig" (worn) {rElec rCorr}
   (You found it on level 6 of the Dungeon)

   rElec:     It insulates you from electricity.
   rCorr:     It protects you from acid and corrosion.
 G - a +0 pair of boots (worn)
Jewellery
 h - a ring of fire
 t - a +4 ring of slaying (right hand)
 I - the amulet of Seyrgh (around neck) {RegenMP rN+}
   (You acquired it in a bailey)

   [amulet of magic regeneration]

   It increases your rate of magic regeneration.
   rN:        It protects you from negative energy.
 J - a ring of wizardry (left hand)
Wands
 e - a wand of paralysis (8)
 m - a wand of flame (28)
 n - a wand of polymorph (3)
 x - a wand of mindburst (63)
Scrolls
 c - 10 scrolls of teleportation
 d - 2 scrolls of fear
 g - 6 scrolls of silence
 j - 3 scrolls of summoning
 k - a scroll of fog
 q - a scroll of brand weapon
 v - 6 scrolls of identify
 y - a scroll of enchant weapon
 E - 2 scrolls of magic mapping
 H - a scroll of amnesia
 N - a scroll of enchant armour
Potions
 b - 2 potions of magic
 l - 7 potions of curing
 p - 4 potions of berserk rage
 r - 4 potions of flight
 s - 2 potions of might
 u - 5 potions of lignification
 w - 4 potions of brilliance
 z - a potion of invisibility
 B - 5 potions of haste
 D - 7 potions of ambrosia
 F - 2 potions of mutation
 M - 6 potions of resistance
Miscellaneous
 f - a phial of floods


   Skills:
 + Level 13.8 Fighting
 - Level 16.0 Long Blades
 + Level 11.7 Dodging
 - Level 2.1 Stealth
 * Level 9.0 Shields
 + Level 8.2 Spellcasting
 + Level 3.2 Conjurations
 - Level 4.0 Translocations
 + Level 5.3 Transmutations
 + Level 15.6 Ice Magic


You had 7 spell levels left.
You knew the following spells:

 Your Spells              Type           Power      Damage    Failure   Level
a - Irradiate             Conj/Tmut      15%        3d16      11%         5
b - Frozen Ramparts       Ice            100%       1d16      1%          3
c - Ozocubu's Armour      Ice            73%        N/A       1%          3
d - Hailstorm             Conj/Ice       55%        3d12      1%          3
e - Ozocubu's Refrigerat  Ice            36%        4d15      3%          7
f - Blink                 Tloc           60%        N/A       2%          2
g - Freeze                Ice            100%       1d10      1%          1

Your spell library contained the following spells:

 Spells                   Type           Power      Damage    Failure   Level
 Iron Shot                Conj/Erth      9%         9d3       77%         6
 Apportation              Tloc           60%        N/A       1%          1
 Beastly Appendage        Tmut           72%        N/A       1%          1
 Magic Dart               Conj           100%       1d8       1%          1
 Ensorcelled Hibernation  Hex/Ice        98%        N/A       1%          2
 Momentum Strike          Conj/Tloc      56%        3d9       1%          2
 Searing Ray              Conj           52%        2d6       1%          2
 Wereblood                Tmut           36%        N/A       1%          2
 Ice Form                 Ice/Tmut       58%        N/A       1%          4
 Sandblast                Erth           20%        2d7       2%          1
 Sting                    Tmut/Pois      92%        1d7       2%          1
 Lesser Beckoning         Tloc           60%        N/A       2%          2
 Poisonous Vapours        Pois/Air       20%        N/A       3%          2
 Stone Arrow              Conj/Erth      36%        3d9       3%          3
 Volatile Blastmotes      Fire/Tloc      40%        2d13      3%          3
 Summon Ice Beast         Ice/Summ       49%        N/A       3%          4
 Passwall                 Tmut/Erth      19%        N/A       4%          2
 Mephitic Cloud           Conj/Pois/Air  15%        N/A       4%          3
 Iskenderun's Mystic Bla  Conj/Tloc      28%        2d7       5%          4
 Necrotise                Necr           40%        1d6       9%          1
 Spider Form              Tmut/Pois      23%        N/A       9%          3
 Call Imp                 Summ           20%        N/A       12%         2
 Fulminant Prism          Conj/Hex       9%         3d7       12%         4
 Olgreb's Toxic Radiance  Pois           10%        N/A       21%         4
 Vampiric Draining        Necr           10%        2d6       24%         3
 Blade Hands              Tmut           18%        N/A       26%         5
 Lee's Rapid Deconstruct  Erth           5%         3d6*      45%         5
 Alistair's Intoxication  Tmut/Pois      15%        N/A       56%         5
 Anguish                  Hex/Necr       5%         N/A       58%         4
 Animate Dead             Necr           10%        N/A       58%         4
 Leda's Liquefaction      Hex/Erth       5%         N/A       58%         4
 Summon Lightning Spire   Summ/Air       10%        N/A       58%         4
 Summon Forest            Summ/Tloc      10%        N/A       65%         5
 Agony                    Necr           10%        N/A       89%         5
 Borgnjor's Vile Clutch   Necr/Erth      5%         N/A       89%         5
 Summon Mana Viper        Hex/Summ       10%        N/A       89%         5
 Statue Form              Tmut/Erth      15%        N/A       98%         6
 Dragon Form              Tmut           18%        N/A       99%         7
 Death Channel            Necr           5%         N/A       100%        6
 Summon Cactus Giant      Summ           5%         N/A       100%        6
 Malign Gateway           Summ/Tloc      10%        N/A       100%        7
 Storm Form               Tmut/Air       11%        N/A       100%        7
 Maxwell's Capacitive Co  Air            5%         ∞         100%        8
 Summon Horrible Things   Summ           5%         N/A       100%        8


Dungeon Overview and Level Annotations

Branches:
Dungeon (12/15)            Temple (1/1) D:4            Lair (5/5) D:10
  Swamp (3/4) Lair:2       Spider (0/4) Lair:2        Slime (0/5) Lair:4
    Orc (2/2) D:9             Elf (0/3) Orc:2         Sewer (visited)
 Bailey (visited)

Altars:
Ashenzari
Cheibriados
Fedhas
Gozag
Kikubaaqudgha
Makhleb
Nemelex Xobeh
Qazlal
Ru
Uskayaw
Vehumet
Xom
Yredelemnul
Zin
Jiyva

Shops:
D:4 *(   D:9 =   D:12 (   Orc:2 =*!(

Annotations:
Lair:1 3 runed translucent doors
Lair:3 3 runed translucent doors, LynnLen's ghost, journeyman SpEn
Swamp:1 exclusion: oklob plant, Roxanne
Swamp:2 1 runed translucent door


Innate Abilities, Weirdness & Mutations

((You are very nimble when in or above water. (Stealth+, EV+, Speed+++)))
Your lower body shifts to a powerful aquatic tail in water.


Message History

Unknown command.
Casting: Ozocubu's Refrigeration (dangerous; 3% risk of failure)
Confirm with . or Enter, or press ? or * to list all spells.
The heat is drained from your surroundings.
The will-o-the-wisp resists.
The will-o-the-wisp is almost destroyed.
The swamp dragon is almost dead.
You are engulfed in poison gas.
You are more poisoned.
* * * LOW HITPOINT WARNING * * *
You feel extremely sick.
You are engulfed in poison gas.
You are more poisoned.
* * * LOW HITPOINT WARNING * * *
x2 You feel extremely sick.
The swamp dragon breathes poison at you.
The blast of poison engulfs you.
You are more poisoned.
* * * LOW HITPOINT WARNING * * *
You hear a shout!
You feel better.
A spriggan comes into view. It is wielding a +0 short sword.
The swamp dragon breathes poison at you.
The blast of poison engulfs you!
You are poisoned.
* * * LOW HITPOINT WARNING * * *
The will-o-the-wisp gestures.
The will-o-the-wisp conjures some foxfire! 2 foxfires come into view.
Unknown command.
Unknown command.
Casting: Ozocubu's Refrigeration (dangerous; 3% risk of failure)
Confirm with . or Enter, or press ? or * to list all spells.
Okay, then.
Unknown command.
Unknown command.
Casting: Ozocubu's Refrigeration (dangerous; 3% risk of failure)
Confirm with . or Enter, or press ? or * to list all spells.
You blink.
You feel sick. The foxfire hits you! You resist.
You die...

♣. .~ ♣ ~ . ~♣..
♣..~. ~. .♣..
i..########..♣
...'.§#☼§.#..♣
#.☼☼☼○.@..♣ ♣..♣
#..#☼○v#..♣ .~.♣
####Dv##..♣ ...♣
#...§v§#..♣ .~♣
#...#§.#..♣♣.♣
..#.####.#...~♣♣ ♣
...........~...♣.♣♣
.............~.>♣.~♣♣
..~~..~[~♣.♣.....~~.♣


You could see a swamp dragon (catching breath) and a will-o-the-wisp.

Vanquished Creatures
  Donald (Swamp:2)
  A fenstrider witch (Swamp:1)
  Louise (Swamp:1)
  An eleionoma (Swamp:1)
  Snorg (D:10)
  2 ghost crabs (Swamp:1)
  3 hydras
  5 boulder beetles
  A catoblepas (Lair:5)
  3 alligators
  6 two-headed ogres
  3 death yaks (Lair:5)
  8 orc high priests
  A skyshark (Lair:5)
  Nergalle (Lair:2)
  4 skeletal warriors (D:12)
  2 goliath frogs
  6 bog bodies
  A spriggan druid (Swamp:3)
  2 deep elf pyromancers (D:12)
  2 orc knights (Bailey)
  2 ugly things
  2 cyclopes
  3 orc sorcerers
  2 manticores (D:12)
  A will-o-the-wisp (Swamp:2)
  9 elephants
  4 black mambas
  7 cane toads
  A rime drake (Lair:5)
  An unseen horror (D:9)
  2 kobold demonologists (D:12)
  10 komodo dragons
  6 trolls
  A queen bee (Lair:2)
  5 polar bears
  A bloated husk (Swamp:1)
  4 tyrant leeches
  22 blink frogs
  13 hornets
  6 dream sheep (Lair:5)
  A jumping spider (Lair:1)
  20 spriggans
  2 wyverns
  3 shadows
  2 steam dragons
  Eustachio (D:6)
  2 basilisks (Lair:5)
  59 yaks
  A redback (Lair:1)
  5 wargs (Orc:2)
  2 vampire mosquitoes (Swamp:2)
  6 swamp worms
  10 water moccasins
  An acid dragon (D:12)
  3 ice beasts
  30 orc warriors
  5 sky beasts
  5 black bears
  A swamp drake (Swamp:2)
  Pargi (Sewer)
  4 ogres
  5 boggarts (Lair:5)
  5 centaurs
  29 wolves
  2 kobold brigands
  Blork the orc (D:6)
  A phantom (D:5)
  10 bullfrogs
  5 scorpions
  A wight (D:6)
  28 killer bees
  6 howler monkeys
  5 electric eels (Bailey)
  4 jellies
  34 orc priests
  6 hounds
  5 iguanas
  9 orc wizards
  A sleepcap (D:6)
  14 adders
  15 gnolls
  2 shadow imps
  An ufetubus (D:5)
  A worm (D:2)
  2 dart slugs
  103 orcs
  4 endoplasms
  5 giant cockroaches
  6 hobgoblins
  6 quokkas
  6 ball pythons
  6 bats
  A frilled lizard (D:1)
  14 goblins
  27 kobolds
  5 rats
696 creatures vanquished.

Vanquished Creatures (others)
  A spriggan (Swamp:1)
  A bloated husk (Swamp:2)
  A hornet (Swamp:1)
  4 foxfires (Swamp:2)
7 creatures vanquished.

Grand Total: 703 creatures vanquished

Notes
Turn   | Place    | Note
-------+----------+-------------------------------------------
     0 | D:1      | safid the Merfolk Ice Elementalist began the quest for the
                  | Orb.
     0 | D:1      | Reached XP level 1. HP: 13/13 MP: 3/3
   208 | D:1      | Reached skill level 1 in Fighting
   208 | D:1      | Reached XP level 2. HP: 2/21 MP: 0/5
   765 | D:2      | Reached XP level 3. HP: 23/26 MP: 3/6
   772 | D:2      | Learned a level 3 spell: Frozen Ramparts
  1079 | D:2      | Reached skill level 5 in Ice Magic
  1079 | D:2      | Reached XP level 4. HP: 20/33 MP: 0/8
  1083 | D:2      | Learned a level 3 spell: Ozocubu's Armour
  1863 | D:3      | Reached XP level 5. HP: 38/39 MP: 5/9
  2252 | D:3      | Found an opulent altar of Gozag.
  2662 | D:4      | Reached XP level 6. HP: 46/47 MP: 4/11
  2762 | D:4      | Found a glowing drain.
  2766 | Sewer    | Entered a sewer
  2804 | Sewer    | Noticed Pargi
  2813 | Sewer    | Killed Pargi
  3191 | D:4      | Reached XP level 7. HP: 20/54 MP: 3/13
  3507 | D:4      | Learned a level 3 spell: Hailstorm
  3510 | D:4      | Learned a level 2 spell: Blink
  3648 | D:4      | Found Qalethria's Elemental Accessories.
  3666 | D:4      | Found Desasamm's Weapon Shoppe.
  3707 | D:4      | Found a staircase to the Ecumenical Temple.
  3801 | Temple   | Entered the Ecumenical Temple
  3806 | Temple   | Became a worshipper of Vehumet
  4585 | D:5      | Entered Level 5 of the Dungeon
  4594 | D:5      | Reached skill level 1 in Translocations
  4720 | D:5      | Found a blossoming altar of Fedhas.
  4995 | D:5      | Reached skill level 5 in Fighting
  4995 | D:5      | Reached XP level 8. HP: 54/62 MP: 13/15
  5108 | D:5      | Reached * piety under Vehumet
  5108 | D:5      | Offered knowledge of Foxfire by Vehumet.
  5626 | D:6      | Noticed Eustachio
  5729 | D:6      | Reached skill level 5 in Spellcasting
  5745 | D:6      | Reached skill level 5 in Dodging
  5768 | D:6      | Killed Eustachio
  6039 | D:6      | Reached XP level 9. HP: 69/69 MP: 10/17
  6307 | D:6      | Noticed Blork the orc
  6324 | D:6      | Killed Blork the orc
  6474 | D:6      | Found a burning altar of Makhleb.
  6512 | D:6      | Identified the +0 pair of gloves "Juaqoig" {rElec rCorr}
  7119 | D:7      | Offered knowledge of Searing Ray by Vehumet.
  7160 | D:7      | Reached ** piety under Vehumet
  7218 | D:7      | Found a sparkling altar of Nemelex Xobeh.
  7421 | D:7      | Found a stormy altar of Qazlal.
  7973 | D:7      | Reached XP level 10. HP: 74/79 MP: 10/19
  8416 | D:8      | Found a shimmering altar of Xom.
  8417 | D:8      | Found a shimmering altar of Xom.
  8417 | D:8      | Found a shimmering altar of Xom.
  8449 | D:8      | Identified the +7 short sword of Hene {drain, Str+3}
  8615 | D:8      | Found a flagged portal.
  8626 | Bailey   | Entered a bailey
  8685 | Bailey   | Noticed an orc knight
  9155 | Bailey   | Noticed an orc sorcerer
  9164 | Bailey   | Noticed an orange demon
  9170 | Bailey   | Paralysed by an orc sorcerer for 4 turns
  9389 | Bailey   | Offered knowledge of Dazzling Flash by Vehumet.
  9718 | Bailey   | Noticed an orc high priest
  9990 | Bailey   | Found an iron altar of Okawaru.
 10255 | Bailey   | Noticed a sixfirhy
 10439 | Bailey   | Noticed an orc knight
 10652 | Bailey   | Killed an orc knight
 10652 | Bailey   | Reached *** piety under Vehumet
 10946 | Bailey   | Acquired the amulet of Seyrgh {RegenMP rN+}
 10979 | Bailey   | Killed an orc high priest
 10980 | Bailey   | Reached skill level 10 in Ice Magic
 11059 | Bailey   | Killed an orc knight
 11060 | Bailey   | Reached XP level 11. HP: 89/89 MP: 5/23
 11158 | Bailey   | Killed an orc sorcerer
 11199 | D:8      | Found the +11 Singing Sword {sonic wave}
 11388 | D:8      | Found a sacrificial altar of Ru.
 11775 | D:9      | Noticed a two-headed ogre
 11783 | D:9      | Killed a two-headed ogre
 11784 | D:9      | Reached skill level 1 in Long Blades
 11850 | D:9      | Reached skill level 2 in Long Blades
 11886 | D:9      | Found Zajuergh's Jewellery Boutique.
 12054 | D:9      | Offered knowledge of Airstrike by Vehumet.
 12256 | D:9      | Reached skill level 10 in Fighting
 12256 | D:9      | Reached skill level 3 in Long Blades
 12411 | D:9      | Reached **** piety under Vehumet
 12596 | D:9      | Found a staircase to the Orcish Mines.
 12670 | D:9      | Noticed a two-headed ogre
 12676 | D:9      | Killed a two-headed ogre
 12677 | D:9      | Reached skill level 4 in Long Blades
 12697 | D:9      | Offered knowledge of Stone Arrow by Vehumet.
 13000 | D:10     | Entered Level 10 of the Dungeon
 13132 | D:10     | Noticed Snorg
 13136 | D:10     | Noticed a two-headed ogre
 13140 | D:10     | Killed Snorg
 13141 | D:10     | Reached skill level 1 in Shields
 13143 | D:10     | Killed a two-headed ogre
 13144 | D:10     | Reached skill level 5 in Long Blades
 13166 | D:10     | Noticed a cyclops
 13180 | D:10     | Killed a cyclops
 13447 | D:10     | Reached XP level 12. HP: 72/99 MP: 21/24
 13603 | D:10     | Found a staircase to the Lair.
 13983 | Lair:1   | Entered Level 1 of the Lair of Beasts
 13992 | D:10     | Reached skill level 11 in Long Blades
 13992 | D:10     | Reached XP level 13. HP: 106/106 MP: 25/25
 14232 | Lair:1   | Reached skill level 12 in Long Blades
 14353 | Lair:1   | Reached ***** piety under Vehumet
 14516 | Lair:1   | Offered knowledge of Eringya's Noxious Bog by Vehumet.
 14916 | Lair:1   | Found a runed translucent door.
 15049 | Lair:1   | Identified the +2 hat of Fottiu {*Corrode rC++ rN+++ Int+3}
 15052 | Lair:1   | Found a runed translucent gate.
 15052 | Lair:1   | Found a runed translucent gate.
 15052 | Lair:1   | Found a runed translucent gate.
 15052 | Lair:1   | Found a runed translucent gate.
 15052 | Lair:1   | Found a runed translucent gate.
 15052 | Lair:1   | Found a runed translucent gate.
 15267 | Lair:2   | Reached skill level 13 in Long Blades
 15535 | Lair:2   | Reached skill level 5 in Shields
 15541 | Lair:2   | Noticed Nergalle
 15548 | Lair:2   | Killed Nergalle
 15572 | Lair:2   | Found a hole to the Spider Nest.
 15764 | Lair:2   | Found a staircase to the Swamp.
 16464 | Lair:3   | Found a runed translucent gate.
 16464 | Lair:3   | Found a runed translucent gate.
 16464 | Lair:3   | Found a runed translucent gate.
 16466 | Lair:3   | Noticed LynnLen's ghost (journeyman SpEn)
 16637 | Lair:3   | You fall into a shaft and drop 2 floors!
 16637 | Lair:5   | Entered Level 5 of the Lair of Beasts
 16671 | Lair:5   | Reached skill level 14 in Long Blades
 16674 | Lair:5   | Reached XP level 14. HP: 115/115 MP: 26/26
 16919 | Lair:5   | Offered knowledge of Iskenderun's Battlesphere by Vehumet.
 16920 | Lair:5   | Reached skill level 15 in Long Blades
 17076 | Lair:3   | Identified the +4 hand axe of the Bear {protect, Fragile
                  | Int+2 SInv}
 17882 | Lair:4   | Found a staircase to the Slime Pits.
 17882 | Lair:4   | Found a viscous altar of Jiyva.
 18644 | Lair:5   | Reached skill level 16 in Long Blades
 20008 | Lair:5   | Reached ****** piety under Vehumet
 20085 | Lair:5   | Offered knowledge of Fireball by Vehumet.
 20453 | D:4      | Bought the Compendium of Refrigeration for 504 gold pieces
 20461 | D:4      | Learned a level 7 spell: Ozocubu's Refrigeration
 20681 | Orc:1    | Entered Level 1 of the Orcish Mines
 20958 | Orc:2    | Entered Level 2 of the Orcish Mines
 20995 | Orc:2    | Reached XP level 15. HP: 87/122 MP: 11/27
 21035 | Orc:2    | Found a flickering gateway to a bazaar.
 21061 | Bazaar   | Entered a bazaar
 21061 | Bazaar   | Found Giucipto's Armour Emporium.
 21061 | Bazaar   | Found Wier's Antique Armour Shop.
 21061 | Bazaar   | Found Tyinalei's Magic Scroll Shoppe.
 21061 | Bazaar   | Found Doffurgha's Antique Weapon Shop.
 21194 | Bazaar   | Found Rukhle Jokhlu's Antique Weapon Shoppe.
 21194 | Bazaar   | Found Pamaorph's Assorted Antiques.
 21227 | Bazaar   | Bought a scroll of identify for 20 gold pieces
 21227 | Bazaar   | Bought a scroll of identify for 20 gold pieces
 21237 | Bazaar   | Bought a ripped robe for 119 gold pieces
 21237 | Bazaar   | Identified the +1 robe "Vamn" {Rampage Will- Str+5} (You
                  | bought it in a shop in a bazaar)
 21243 | Bazaar   | Bought a scroll of identify for 46 gold pieces
 21255 | Bazaar   | Bought a +1 robe of willpower for 139 gold pieces
 22027 | Orc:2    | Found Kuehuwk's Jewellery Boutique.
 22027 | Orc:2    | Found Rameriem's Assorted Antiques.
 22075 | Orc:2    | Reached skill level 10 in Dodging
 22224 | Orc:2    | Found a staircase to the Elven Halls.
 22283 | Orc:2    | Found Xoir's Antique Weapon Emporium.
 22283 | Orc:2    | Found Coodimn's Distillery.
 22348 | Orc:2    | Bought a scroll of identify for 54 gold pieces
 22348 | Orc:2    | Bought a potion of heal wounds for 135 gold pieces
 22723 | D:11     | Reached skill level 15 in Ice Magic
 22994 | D:11     | Learned a level 5 spell: Irradiate
 23132 | D:12     | Offered knowledge of Iron Shot by Vehumet.
 23134 | D:12     | Reached skill level 1 in Transmutations
 23273 | D:12     | Reached skill level 1 in Conjurations
 23468 | D:12     | Found Nateji's Weapon Boutique.
 24405 | Swamp:1  | Entered Level 1 of the Swamp
 24495 | Swamp:1  | Noticed Louise
 24502 | Swamp:1  | Killed Louise
 24543 | Swamp:1  | Noticed a fenstrider witch
 24546 | Swamp:1  | Paralysed by a fenstrider witch for 5 turns
 24556 | Swamp:1  | Killed a fenstrider witch
 25925 | Swamp:1  | Noticed Roxanne
 26767 | Swamp:2  | Reached XP level 16. HP: 110/132 MP: 21/28
 26964 | Swamp:2  | Noticed Donald
 26986 | Swamp:2  | Killed Donald
 26987 | Swamp:2  | Reached skill level 5 in Transmutations
 27528 | Swamp:2  | Found a runed translucent door.
 27684 | Swamp:3  | Killed from afar by a will-o-the-wisp

Illustrated notes

Levels and vault maps discovered:
D:1:      wheals_arrival_shading, layout_rooms
D:2:      layout_loops_cross
D:3:      layout_basic, mainiacjoe_overflow_boulevard
D:4:      kennysheep_kobold_camp, layout_cave_pods,
          minmay_temple_entry_enclosed_plants, serial_shops, shop,
          gup_sewer_entry_spiral, nicolae_elemental_shop, fountainhead,
          dreamdust_gnoll_farm
D:5:      layout_basic, fedhas_altar_2, serial_aquarium,
          aquarium_bridge_straight [aquarium_subvault_bridge,
          aquarium_subvault_window, aquarium_subvault_bridge,
          aquarium_subvault_balcony], aquarium_window_1, aquarium_window_2,
          aquarium_view_2d, aquarium_balcony_double_1, aquarium_pool_double
D:6:      layout_rooms, mainiacjoe_overflow_tiny_flanked, grunt_tough_drop,
          uniq_blork_the_orc, uniq_eustachio
D:7:      minmay_razor_zed, layout_rooms, general_overflow_altar,
          kennysheep_mini, minmay_misc_feat_five, minmay_misc_feat_pillars,
          corner_web_ring, kennysheep_windowed_goal
D:8:      layout_loops_ring, xom_redecorated, nicolae_ru_the_path_less_chosen,
          enter_bailey_3, hangedman_decor_lopped, chequers_serial_rivers_small_3
D:9:      layout_roguey [special_room_orc], orc_0_dummy,
          nicolae_inconvenience_store
D:10:     nicolae_cairo_tiling_very_big, layout_loops_ring, uniq_snorg
D:11:     layout_rooms
D:12:     layout_roguey, serial_shops, shop, minmay_starry_boxes
Temple:   nicolae_temple_bog_church
Lair:1:   gammafunk_indiana_jones, layout_concentric_octagons
Lair:2:   layout_roguey [special_room_bee], skrybe_swamp_entry_bodies,
          spider_nest_entry_web_field, chequers_serial_rivers_micro_a,
          serial_bayou_shore_b, lemuel_fruit_tree, infiniplex_staircase_pool,
          uniq_nergalle
Lair:3:   layout_roguey, ebering_ghost_rock_garden,
          nicolae_quartered_pool_medium
Lair:4:   layout_roguey, slime_entry_1
Lair:5:   minmay_lair_end_enchanted_forest, layout_concentric_octagons
Swamp:1:  layout_basic_swamp, evilmike_swamp_ruin_house_5, swamp_pool3,
          nicolae_swamp_oklob_treasure_island, uniq_roxanne, uniq_louise
Swamp:2:  gammafunk_mikee_crab_dinner, layout_falls_marsh,
          evilmike_swamp_ruin_rubble_2, swamp_pool4,
          infiniplex_staircase_pool_2, uniq_donald
Swamp:3:  layout_falls_marsh, evilmike_swamp_ruin_house_1, swamp_pool4,
          nicolae_swamp_necromancy_gone_wrong
Orc:1:    layout_diamond_mine
Orc:2:    st_orc_town, layout_caves, serial_shops, bzr_entry_lakeside

Skill      XL: |  1  2  3  4  5  6  7  8  9 10 11 12 13 14 15 16 |
---------------+-------------------------------------------------+-----
Fighting       | 1 2 3 4 5 6 7 9 10 11 12 13 | 13.8
Ice Magic      | 5 6 7 8 10 11 12 13 14 15 | 15.6
Spellcasting   | 3 4 5 6 8 |  8.2
Dodging        | 3 5 7 8 9 11 | 11.7
Translocations | 1 2 4 |  4.0
Long Blades    | 5 11 14 16 | 16.0
Shields        | 2 5 7 8 9 |  9.0
Transmutations | 4 5 |  5.3
Conjurations   | 2 3 |  3.2
Stealth        | |  2.1

Action                     |  1- 3 |  4- 6 |  7- 9 | 10-12 | 13-15 | 16-18 || total
---------------------------+-------+-------+-------+-------+-------+-------++-------
  Melee: Dagger            |    58 |    18 |       |       |       |       ||    76
         Club              |     4 |       |       |       |       |       ||     4
         Trident           |       |    79 |   301 |    26 |       |       ||   406
         Punch             |       |     2 |     3 |     2 |       |       ||     7
         Short sword       |       |       |       |    89 |       |       ||    89
         Tailslap          |       |       |       |     4 |     1 |       ||     5
         Double sword      |       |       |       |    60 |   564 |    26 ||   650
   Cast: Freeze            |    35 |    25 |    17 |       |    10 |       ||    87
         Frozen Ramparts   |       |    10 |    46 |    37 |    90 |     1 ||   184
         Ozocubu's Armour  |       |     4 |    38 |    32 |    90 |     2 ||   166
         Hailstorm         |       |       |     1 |    62 |    12 |       ||    75
         Ozocubu's Refrige |       |       |       |       |    74 |    23 ||    97
         Irradiate         |       |       |       |       |     2 |       ||     2
         Blink             |       |       |       |       |       |     1 ||     1
    Use: Scroll            |       |       |     9 |     4 |    21 |       ||    34
         Potion            |       |       |     1 |     2 |     6 |     1 ||    10
   Stab: Sleeping          |     3 |     3 |     3 |     1 |       |       ||    10
         Distracted        |       |       |       |     1 |     1 |     1 ||     3
         Petrifying        |       |       |       |       |     1 |       ||     1
 Armour: Robe              |    24 |    48 |   109 |    51 |   151 |     4 ||   387
  Dodge: Dodged            |    50 |    88 |   223 |   117 |   373 |     7 ||   858
  Block: Buckler           |       |       |       |     4 |   195 |       ||   199
         Tower shield      |       |       |       |       |    59 |    15 ||    74
         Kite shield       |       |       |       |       |       |     5 ||     5
